[Event "Silves Open 2025"]
[Site "Fissul"]
[Date "2025.03.03"]
[Round "4.33"]
[White "Ribeiro, Margarida"]
[Black "Ramos, Vitorino"]
[Result "1-0"]
[Annotator "NA COMBH"]
[ECO "B01"]
[WhiteElo "1519"]
[BlackElo "1792"]
[PlyCount "65"]
[EventDate "2025.03.03"]
[EventType "swiss"]
[EventCountry "POR"]
[SourceTitle "playchess.com"]
[Source "ChessBase"]
[SourceQuality "1"]
[TimeControl "5400+30"]

1. e4 d5 2. exd5 Nf6 3. Nf3 Nxd5 4. Bc4 Nb6 5. Bb3 c5 6. d3 Nc6 7. O-O Na5 8. Be3 Nxb3 9. axb3 Qc7 10. c4 Bg4 11. h3 Bh5 12. Nbd2 e6 13. b4 cxb4 14. Bxb6 Qxb6 15. Qa4+ Qc6 16. Qxc6+ bxc6 17. Ra6 c5 18. Rfa1 Rd8 19. Ne5 Be2 20. Rxa7 Bh5 21. Ra8 f6 22. g4 fxe5 23. gxh5 Be7 24. Rxd8+ Bxd8 25. Ne4 O-O 26. Nxc5 Bb6 27. Nxe6 Rxf2 28. c5 Bxc5 29. Nxc5 Rxb2 30. Re1 Kf7 31. Rxe5 Kf6 32. d4 Rd2 33. Ne4+ 1-0

[Event "Silves Open 2025"]
[Site "Fissul"]
[Date "2025.03.03"]
[Round "4.38"]
[White "Goncalves, Beatriz M A C Nunes"]
[Black "Nguyen, Tri Khoi"]
[Result "0-1"]
[Annotator "NA RC COMBH"]
[ECO "A36"]
[WhiteElo "1458"]
[BlackElo "1630"]
[PlyCount "84"]
[EventDate "2025.03.03"]
[EventType "swiss"]
[EventCountry "POR"]
[SourceTitle "playchess.com"]
[Source "ChessBase"]
[SourceQuality "1"]
[TimeControl "5400+30"]

1. e4 c5 2. c4 Nc6 3. Nc3 d6 4. g3 g6 5. Bg2 Bg7 6. Nge2 Nf6 7. O-O O-O 8. d3 e5 9. Be3 Be6 10. h3 Nd4 11. Qd2 Qd7 12. Kh2 Rab8 13. Bh6 a6 14. Bxg7 Kxg7 15. Nxd4 cxd4 16. Nd5 Bxd5 17. cxd5 Rfc8 18. f4 Rc5 19. Rac1 Rbc8 20. fxe5 dxe5 21. Rxc5 Rxc5 22. Rc1 Qc7 23. Rxc5 Qxc5 24. Bf3 b5 25. Bd1 Ne8 26. Qc2 Qxc2+ 27. Bxc2 Nd6 28. b4 Kf6 29. Kg2 Ke7 30. Kf3 f5 31. g4 fxg4+ 32. Kxg4 Kf6 33. h4 h5+ 34. Kg3 g5 35. hxg5+ Kxg5 36. a4 h4+ 37. Kh3 Kf4 38. Kxh4 Ke3 39. axb5 axb5 40. Kg5 Kd2 41. Bb1 Kc1 42. Ba2 Kb2 0-1

[Event "Silves Open 2025"]
[Site "Fissul"]
[Date "2025.03.04"]
[Round "5.2"]
[White "Degardin, Sylvain"]
[Black "Lux, Hugo de Melo"]
[Result "1/2-1/2"]
[Annotator "TA"]
[ECO "B61"]
[WhiteElo "2309"]
[BlackElo "2329"]
[PlyCount "36"]
[EventDate "2025.03.03"]
[EventType "swiss"]
[EventCountry "POR"]
[SourceTitle "playchess.com"]
[Source "ChessBase"]
[SourceQuality "1"]
[TimeControl "5400+30"]

1. e4 c5 2. Nf3 Nc6 3. d4 cxd4 4. Nxd4 Nf6 5. Nc3 d6 6. Bg5 Bd7 7. Qd2 Rc8 8. f3 a6 {[%emt 0:02:57] B61: Sicilian: Richter-Rauzer: 6...Bd7 7 Qd2.} 9. h4 Nxd4 10. Qxd4 Qa5 {[%emt 0:00:07] White has an edge.} 11. Bc4 Qc5 12. Qxc5 {[%emt 0:01:56] White is slightly better.} Rxc5 13. Bb3 h5 $146 ({Predecessor:} 13... h6 14. Be3 Rc8 15. O-O-O e6 16. Rd2 Bc6 17. Bf4 e5 18. Be3 Be7 19. g4 Nd7 {½-½ Berg,E (2579)-Lissang,C (2313) Vasteras op 2016 (7)}) 14. O-O-O Be6 15. Rhe1 Bxb3 16. axb3 Nd7 17. Nd5 g6 18. c3 f6 {[%emt 0:01:19] Weighted Error Value: White=0.08 (flawless) /Black=0.08 (flawless)   Inaccurate:     	White=2     	Black=1      OK:         	White=4     	Black=3} 1/2-1/2

[Event "Silves Open 2025"]
[Site "Fissul"]
[Date "2025.03.04"]
[Round "5.3"]
[White "Fernandes, Antonio"]
[Black "Sanz Wawer, Daniel"]
[Result "1-0"]
[Annotator "ChessBase"]
[ECO "E02"]
[WhiteElo "2326"]
[BlackElo "2283"]
[PlyCount "89"]
[EventDate "2025.03.03"]
[EventType "swiss"]
[EventCountry "POR"]
[SourceTitle "playchess.com"]
[Source "ChessBase"]
[SourceQuality "1"]
[TimeControl "5400+30"]

1. d4 Nf6 2. c4 e6 3. g3 d5 4. Bg2 Be7 5. Nf3 O-O 6. O-O dxc4 7. Qa4 Bd7 8. Qxc4 Bc6 9. Nc3 a6 10. Qd3 b5 11. a3 Nbd7 12. Rd1 Bb7 13. b4 Ra7 14. e4 Qa8 15. Nd2 Rd8 16. Qc2 e5 17. Nb3 exd4 18. Nxd4 Bf8 19. Nf5 Re8 20. Be3 Nb6 21. Nd5 Nfxd5 22. exd5 Qd8 23. Rac1 Ba8 24. d6 cxd6 25. Bxa8 Rxa8 26. Bxb6 Qxb6 27. Qc6 Qd8 28. Qd5 g6 29. Ne3 Qf6 30. Rc7 h5 31. Qd3 Qf3 32. Qd5 Qf6 33. Qd3 Rac8 34. Nd5 Qe5 35. Rdc1 Rxc7 36. Rxc7 Bg7 37. Qf3 f5 38. Nf4 Qf6 39. h4 Re4 40. Kh2 Kh7 41. Nh3 Re8 42. Qc6 Re2 43. Qa8 f4 44. Ng5+ Kh6 45. Qh8+ 1-0

[Event "Silves Open 2025"]
[Site "Fissul"]
[Date "2025.03.04"]
[Round "5.4"]
[White "Sarabando, Rodrigo Andias"]
[Black "Hopman, Pieter"]
[Result "1/2-1/2"]
[Annotator "TA"]
[ECO "E94"]
[WhiteElo "2097"]
[BlackElo "2312"]
[PlyCount "75"]
[EventDate "2025.03.03"]
[EventType "swiss"]
[EventCountry "POR"]
[SourceTitle "playchess.com"]
[Source "ChessBase"]
[SourceQuality "1"]
[TimeControl "5400+30"]

1. d4 d6 2. Nf3 g6 3. c4 Bg7 4. e4 Nf6 5. Nc3 O-O 6. Be2 Nbd7 7. O-O e5 8. Be3 Qe7 $1 {[%emt 0:00:06][%mdl 4] is recently more successful than 8...c6.} 9. d5 c5 {[%emt 0:02:08] E94: King's Indian: Classical: 6 Be2 e5 7 0-0: Various Black 7th moves.} 10. dxc6 {[%emt 0:06:46] White is more active.} (10. Qd2 $16) 10... bxc6 $11 11. b4 Bb7 12. a3 $146 (12. Qd2 Rfd8 13. Rfd1 Nf8 14. a4 Ne6 15. h3 d5 16. cxd5 cxd5 17. exd5 Nxd5 18. Nxd5 Rxd5 19. Qa2 e4 20. Rxd5 Bxa1 21. Qxa1 Bxd5 22. Qe5 exf3 23. Qxd5 fxe2 {0-1 Al Sayed,M (2508)-Fressinet,L (2672) Wch Rapid Doha 2016 (13)}) 12... Rfd8 13. Qb3 Nf8 14. Rad1 Ne6 15. Ne1 Nd4 16. Qb2 (16. Bxd4 $11 exd4 17. Na4 (17. Rxd4 c5 $11)) 16... d5 $15 17. Bg5 h6 (17... dxe4 18. Nxe4 h6 19. Bxf6 Bxf6 20. Nxf6+ Qxf6 21. Nf3 $11) 18. Bxf6 Qxf6 19. Nd3 dxe4 {[%emt 0:04:39][%csl Od4] Strong Square Black (d4)} 20. Nc5 Qe7 21. Nxb7 Qxb7 22. Nxe4 f5 23. Nc5 Qe7 24. Nb3 {[%emt 0:00:11] [#]} c5 25. Nxc5 (25. Nxd4 cxd4) 25... e4 26. Qa2 f4 {[%emt 0:00:11] Black has a king side majority} (26... a5 $17 27. Nb3 Nxe2+ (27... axb4 28. Nxd4 Bxd4 29. c5+ Kg7 30. Qc4 $17) 28. Qxe2 axb4 29. axb4 Qxb4) 27. f3 (27. Nb3 $11 {keeps the balance.}) 27... exf3 ({Black should try} 27... a5 $17 {...axb4 would now be deadly.} 28. Nxe4 axb4 29. c5+ Kh7) 28. Bxf3 $11 Nxf3+ 29. gxf3 {[%emt 0:00:14] [#] aiming for Ne4.} Bd4+ 30. Kh1 Bxc5 31. bxc5 Qxc5 32. Qe2 Re8 {[%emt 0:01:03] Prevents Qe6+} 33. Qd3 (33. Qb2 {keeps more tension.} Qxc4 34. Rg1 Qf7 35. Rxg6+ Qxg6 36. Rg1) 33... Re6 34. Rfe1 Qc6 (34... Rae8 $11 35. Rxe6 Rxe6) 35. Kg2 ({Better is} 35. Rxe6 $14 Qxe6 36. c5) 35... Rf8 36. Rxe6 Qxe6 37. Qd5 Qxd5 38. Rxd5 {[%emt 0:00:00] Weighted Error Value: White=0.21 (precise) /Black=0.18 (very precise)   Mistake:       	White=4     	Black=3      Inaccurate:     	---       	Black=1      OK:         	White=7     	Black=11     Best:        	White=2     	Black=1      Brilliant:      	---       	Black=1} 1/2-1/2

[Event "Silves Open 2025"]
[Site "Fissul"]
[Date "2025.03.04"]
[Round "5.5"]
[White "Espinosa Aranda, Angel"]
[Black "Monteiro, Paulo Alexandre G"]
[Result "1-0"]
[Annotator "ChessBase"]
[ECO "B08"]
[WhiteElo "2442"]
[BlackElo "2221"]
[PlyCount "97"]
[EventDate "2025.03.03"]
[EventType "swiss"]
[EventCountry "POR"]
[SourceTitle "playchess.com"]
[Source "ChessBase"]
[SourceQuality "1"]
[TimeControl "5400+30"]

1. Nf3 c5 2. e4 d6 3. Nc3 Nf6 4. d4 cxd4 5. Qxd4 Nc6 6. Qd3 g6 7. Be2 Bg7 8. O-O O-O 9. Nd5 Bg4 10. c3 Bxf3 11. Qxf3 Ne5 12. Qe3 Nxd5 13. exd5 Qc7 14. b3 a6 15. a4 Rfe8 16. Bd2 e6 17. dxe6 Rxe6 18. Qh3 d5 19. Rfe1 Qb6 20. Rab1 Rae8 21. Be3 Qc7 22. Rbc1 Nd7 23. Bf3 Nf6 24. Red1 Ne4 25. Bxe4 dxe4 26. Rd5 f5 27. g3 Be5 28. c4 Rd6 29. Qf1 Rxd5 30. cxd5 Qf7 31. Qc4 Rd8 32. Rd1 Kg7 33. Qc5 Qc7 34. b4 Bd6 35. Qd4+ Kf7 36. Bg5 Re8 37. a5 Qd7 38. Rc1 Kg8 39. Bf4 Bxf4 40. gxf4 Qd6 41. Qd2 Rd8 42. Rc5 Qf6 43. Rc7 h6 44. Rxb7 g5 45. Rb6 Qg7 46. fxg5 hxg5 47. d6 Qa1+ 48. Kg2 Qe5 49. Qxg5+ 1-0

[Event "Silves Open 2025"]
[Site "Fissul"]
[Date "2025.03.04"]
[Round "5.6"]
[White "Dias, Ivo Rodrigues"]
[Black "Martins, Bruno Andre Leite"]
[Result "0-1"]
[Annotator "TA"]
[ECO "A45"]
[WhiteElo "2097"]
[BlackElo "2360"]
[PlyCount "60"]
[EventDate "2025.03.03"]
[EventType "swiss"]
[EventCountry "POR"]
[SourceTitle "playchess.com"]
[Source "ChessBase"]
[SourceQuality "1"]
[TimeControl "5400+30"]

1. d4 Nf6 2. Bf4 g6 3. Nc3 d5 4. e3 Bg7 5. h4 h5 6. Nf3 {[%emt 0:02:24] A45: Trompowsky Attack.} O-O 7. Qd2 Bf5 8. Ne5 {[%emt 0:03:13] The position is equal.} c5 9. f3 cxd4 10. exd4 Nc6 11. Nxc6 bxc6 12. Na4 (12. O-O-O $11) 12... Nd7 $15 13. Ba6 $146 (13. Be2 e5 14. dxe5 Nxe5 15. Nc5 Qb6 16. Nb3 Nc4 17. Bxc4 dxc4 18. Be3 Rfe8 19. Kf2 {0-1 Lizak,P (2400)-Paravyan,D (2589) Titled Tuesday intern op 18th Oct Late blitz 2022 (6)}) 13... e5 14. dxe5 Nxe5 15. O-O-O (15. Kf2 $15) 15... Re8 $17 16. Be3 {[%emt 0:22:23] [#]} (16. Rhe1 $17) 16... d4 (16... Rb8 $1 $19 17. Rhe1 Qxh4) 17. Bf2 (17. Bxd4 $17 Nd3+ 18. Bxd3 Qxd4 19. Qa5) 17... Qd5 18. Kb1 {[%emt 0:03:49] [#]} d3 19. cxd3 Nc4 (19... Red8 $19 {[%cal Oa8b8] and ...Rab8! should not be overlooked} 20. Nc5 Rdb8) 20. Bxc4 $15 Qxc4 {[%emt 0:00:06] Black attacks} 21. Qc2 Qb5 {[%emt 0:07:20][%mdl 1024] Black has strong compensation. Black has more active pieces.} 22. Nc3 Qa6 23. Ne4 {[%emt 0:00:19] [#]} ({White should play} 23. Bg3 $15) 23... Rab8 ({Black should try} 23... Be6 $1 $19 24. a4 Rab8) 24. b3 $1 c5 $36 {[%emt 0:03:39][%mdl 2048] Black has some pressure.} 25. Rhe1 $2 (25. Bxc5 $11 {and White is okay.} Rbc8 26. d4 (26. Nd6 $2 Rxc5 27. Nc4 Rb8 $19)) 25... Rec8 $19 26. Qc4 $2 {[%emt 0:00:27] Now White is beyond hope.} (26. Bg3 $17 {might work better.} Rb6 27. Re2) 26... Qa3 27. Re2 {[%emt 0:00:53] Wards off Qb2+} (27. Rd2 $142 Be6 (27... Qa5 28. Kc1 $17) 28. Qc1) 27... Be6 {[%emt 0:00:17] A strong pair of Bishops.} 28. Qc1 {[%emt 0:00:38] [#]} Rxb3+ $1 {[%emt 0:00:34][%mdl 512] Black mates.} 29. axb3 Qa1+ 30. Kc2 Qa2+ {[%emt 0:00:05] Weighted Error Value: White=0.72/Black=0.19 (very precise)   Loses game:     	White=2     	---        Mistake:       	White=6     	Black=3      Inaccurate:     	White=2     	Black=1      OK:         	White=5     	Black=6      Best:        	White=1     	Black=3      Strong:       	White=1     	---} 0-1

[Event "Silves Open 2025"]
[Site "Fissul"]
[Date "2025.03.04"]
[Round "5.8"]
[White "Van Ree, Thailo"]
[Black "Serarols Mabras, Bernat"]
[Result "0-1"]
[Annotator "ChessBase"]
[ECO "E36"]
[WhiteElo "1881"]
[BlackElo "2311"]
[PlyCount "50"]
[EventDate "2025.03.03"]
[EventType "swiss"]
[EventCountry "POR"]
[SourceTitle "playchess.com"]
[Source "ChessBase"]
[SourceQuality "1"]
[TimeControl "5400+30"]

1. d4 Nf6 2. c4 e6 3. Nc3 Bb4 4. Qc2 d5 5. a3 Bxc3+ 6. Qxc3 dxc4 7. Qxc4 O-O 8. Nf3 b6 9. Bg5 Ba6 10. Qc2 Nbd7 11. Rd1 h6 12. Bh4 Qc8 13. g4 Nxg4 14. Rg1 f5 15. h3 Ngf6 16. Qc1 Kh8 17. Bg3 c5 18. Bd6 Rf7 19. Ne5 Nxe5 20. Bxe5 cxd4 21. Qf4 d3 22. exd3 Qd7 23. Be2 Kh7 24. Bh5 Nxh5 25. Qf3 Qd5 0-1

[Event "Silves Open 2025"]
[Site "Fissul"]
[Date "2025.03.04"]
[Round "5.9"]
[White "Prata, Jose"]
[Black "Goncalves, Samuel Jesus P"]
[Result "0-1"]
[Annotator "NA RC"]
[ECO "C28"]
[WhiteElo "1839"]
[BlackElo "2280"]
[PlyCount "58"]
[EventDate "2025.03.03"]
[EventType "swiss"]
[EventCountry "POR"]
[SourceTitle "playchess.com"]
[Source "ChessBase"]
[SourceQuality "1"]
[TimeControl "5400+30"]

1. e4 e5 2. Nc3 Nf6 3. Bc4 Nc6 4. d3 Bc5 5. f4 O-O 6. Nf3 exf4 7. Bxf4 d6 8. Na4 d5 9. Nxc5 dxc4 10. Na4 cxd3 11. cxd3 Bg4 12. h3 Nb4 13. Ke2 Nh5 14. Bh2 Bxf3+ 15. gxf3 Qd4 16. a3 Nxd3 17. Qxd3 Qxa4 18. Rad1 f5 19. Qd5+ Kh8 20. Rd4 Qa6+ 21. Qc4 fxe4 22. Qxa6 exf3+ 23. Kf2 bxa6 24. Bxc7 Rac8 25. Rc1 h6 26. Rd3 Rf7 27. Rdc3 Nf6 28. Rc4 Kh7 29. Be5 Ne4+ 0-1

[Event "Silves Open 2025"]
[Site "Fissul"]
[Date "2025.03.04"]
[Round "5.10"]
[White "Khamrakulov, Ibragim S."]
[Black "Goncalves, Diogo Figueiredo"]
[Result "1-0"]
[Annotator "ChessBase"]
[ECO "B10"]
[WhiteElo "2384"]
[BlackElo "1985"]
[PlyCount "125"]
[EventDate "2025.03.03"]
[EventType "swiss"]
[EventCountry "POR"]
[SourceTitle "playchess.com"]
[Source "ChessBase"]
[SourceQuality "1"]
[TimeControl "5400+30"]

1. e4 c6 2. c4 d5 3. exd5 cxd5 4. cxd5 Nf6 5. Nc3 Nxd5 6. Bc4 Nb6 7. Bb3 Nc6 8. Nf3 Bf5 9. d4 e6 10. a4 Bb4 11. Bg5 Qd7 12. O-O O-O 13. h3 h6 14. Be3 Rac8 15. d5 Nxd5 16. Nxd5 exd5 17. Qxd5 Qxd5 18. Bxd5 a5 19. Rac1 Rfd8 20. Rfd1 Re8 21. Bb6 Be4 22. Bxe4 Rxe4 23. Nd4 Rce8 24. Nxc6 bxc6 25. Rxc6 Re1+ 26. Rxe1 Rxe1+ 27. Kh2 Ra1 28. b3 Ra3 29. Rc8+ Kh7 30. Ra8 Rxb3 31. Bxa5 Bxa5 32. Rxa5 Ra3 33. h4 g6 34. g4 Kg7 35. Kg2 Kf6 36. Ra7 Kg7 37. a5 Ra4 38. Kg3 Ra3+ 39. f3 Ra1 40. a6 Ra4 41. Ra8 Kf6 42. Kf2 Ra3 43. f4 Kg7 44. Ke2 Ra4 45. Ke3 Kf6 46. g5+ hxg5 47. hxg5+ Kf5 48. Ra7 f6 49. gxf6 Kxf6 50. Ra8 Kf7 51. Kd3 Kg7 52. Kc3 Rxf4 53. Kb3 Rf1 54. Rd8 Ra1 55. Rd6 g5 56. Kb4 g4 57. Kb5 g3 58. Rd3 Kf6 59. Rxg3 Ke6 60. Rd3 Rb1+ 61. Ka4 Rb6 62. Ka5 Rb1 63. Ra3 1-0

[Event "Silves Open 2025"]
[Site "Fissul"]
[Date "2025.03.04"]
[Round "5.12"]
[White "Albuquerque, Eduardo Ferreira"]
[Black "Vasques, Antonio Pedro Freixi"]
[Result "0-1"]
[Annotator "NA"]
[ECO "E04"]
[WhiteElo "1897"]
[BlackElo "2246"]
[PlyCount "72"]
[EventDate "2025.03.03"]
[EventType "swiss"]
[EventCountry "POR"]
[SourceTitle "playchess.com"]
[Source "ChessBase"]
[SourceQuality "1"]
[TimeControl "5400+30"]

1. d4 Nf6 2. c4 e6 3. g3 d5 4. Nf3 dxc4 5. Bg2 Nbd7 6. O-O Rb8 7. a4 a6 8. Qc2 b5 9. Bg5 Be7 10. Rd1 Bb7 11. Nbd2 Nd5 12. Bxe7 Qxe7 13. h4 h6 14. e4 Nb4 15. Qc3 O-O 16. b3 cxb3 17. Qxb3 bxa4 18. Rxa4 c5 19. dxc5 Nxc5 20. Qxb4 Bc6 21. Qa3 Bxa4 22. Rc1 Rfc8 23. Rxc5 Qxc5 24. Qxa4 a5 25. Bf1 Qb4 26. Qa2 a4 27. Kg2 Rc3 28. Nc4 Qb3 29. Qxb3 axb3 30. Na3 b2 31. Nb1 Rc1 32. Nfd2 Rd8 33. Be2 Rxd2 34. Nxd2 Rc2 35. Nb1 Rxe2 36. Kf1 Rc2 0-1

[Event "Silves Open 2025"]
[Site "Fissul"]
[Date "2025.03.04"]
[Round "5.13"]
[White "Rasti, Arvin"]
[Black "Avelino, Camila Biscaya"]
[Result "1-0"]
[Annotator "NA"]
[ECO "E60"]
[WhiteElo "2232"]
[BlackElo "1906"]
[PlyCount "79"]
[EventDate "2025.03.03"]
[EventType "swiss"]
[EventCountry "POR"]
[SourceTitle "playchess.com"]
[Source "ChessBase"]
[SourceQuality "1"]
[TimeControl "5400+30"]

1. Nf3 Nf6 2. g3 g6 3. Bg2 Bg7 4. O-O O-O 5. d4 d6 6. b3 c5 7. Bb2 Nc6 8. c4 cxd4 9. Nxd4 Bd7 10. Nc3 Qc8 11. Re1 Bh3 12. Bh1 Re8 13. Rc1 Nxd4 14. Qxd4 Ng4 15. Qd2 Qc5 16. Ne4 Qf5 17. Bxg7 Kxg7 18. Qg5 Ne5 19. Red1 Rac8 20. Qe3 b6 21. Rd5 Qd7 22. Rcd1 Qc7 23. Qd4 Kg8 24. Ng5 Bd7 25. Qh4 h5 26. Qf4 f6 27. Ne4 Kg7 28. Qd2 Be6 29. Rd4 Rh8 30. h4 Rhe8 31. Nc3 Nc6 32. Nb5 Qd7 33. Re4 a6 34. Nc3 Bf5 35. Re3 Ne5 36. Nd5 Rb8 37. Rc3 Rec8 38. Qe3 Rc5 39. f4 Nc6 40. b4 1-0

[Event "Silves Open 2025"]
[Site "Fissul"]
[Date "2025.03.04"]
[Round "5.15"]
[White "Ryabukhin, Roman"]
[Black "Salas Munoz, Paulino Jose"]
[Result "1-0"]
[Annotator "NA RC"]
[ECO "B08"]
[WhiteElo "2209"]
[BlackElo "1915"]
[PlyCount "61"]
[EventDate "2025.03.03"]
[EventType "swiss"]
[EventCountry "POR"]
[SourceTitle "playchess.com"]
[Source "ChessBase"]
[SourceQuality "1"]
[TimeControl "5400+30"]

1. d4 d6 2. e4 Nf6 3. Nc3 g6 4. Nf3 Bg7 5. Be2 O-O 6. O-O e5 7. h3 exd4 8. Nxd4 c6 9. Bg5 Qa5 10. Nf3 d5 11. exd5 Nxd5 12. Nxd5 cxd5 13. c3 Nc6 14. Bd3 Be6 15. Re1 Rfe8 16. a3 Qc7 17. Rc1 Bd7 18. Be2 Be6 19. Qd2 Na5 20. Nd4 Bd7 21. h4 Nc4 22. Qc2 f6 23. Bd2 Nxd2 24. Qxd2 Re4 25. Bf3 Rxh4 26. g3 Bh6 27. Bxd5+ Kh8 28. f4 Rh3 29. Kg2 g5 30. Be6 gxf4 31. Kxh3 1-0

[Event "Silves Open 2025"]
[Site "Fissul"]
[Date "2025.03.04"]
[Round "5.16"]
[White "Santos, Jose P"]
[Black "Milat, Marcel"]
[Result "0-1"]
[Annotator "NA RC"]
[ECO "B33"]
[WhiteElo "2273"]
[BlackElo "2190"]
[PlyCount "54"]
[EventDate "2025.03.03"]
[EventType "swiss"]
[EventCountry "POR"]
[SourceTitle "playchess.com"]
[Source "ChessBase"]
[SourceQuality "1"]
[TimeControl "5400+30"]

1. e4 c5 2. Nf3 Nc6 3. d4 cxd4 4. Nxd4 Nf6 5. Nc3 e5 6. Nf5 d5 7. exd5 Bxf5 8. dxc6 Qxd1+ 9. Nxd1 bxc6 10. Ne3 Bg6 11. Bc4 Bc5 12. c3 a5 13. a4 Ke7 14. O-O Rhd8 15. Re1 Ne4 16. h4 h5 17. Be2 f6 18. Bf3 Nd2 19. Bxc6 Nb3 20. Bxa8 Rxa8 21. Nd5+ Kd6 22. Nf4 Bf5 23. Nxh5 Nxa1 24. Nxg7 Bg4 25. b4 axb4 26. cxb4 Bd4 27. Be3 Nc2 0-1

[Event "Silves Open 2025"]
[Site "Fissul"]
[Date "2025.03.04"]
[Round "5.17"]
[White "Boesel, Alexander"]
[Black "Esteves, Goncalo Maria Franco"]
[Result "1-0"]
[Annotator "NA RC"]
[ECO "C54"]
[WhiteElo "2046"]
[BlackElo "1962"]
[PlyCount "112"]
[EventDate "2025.03.03"]
[EventType "swiss"]
[EventCountry "POR"]
[SourceTitle "playchess.com"]
[Source "ChessBase"]
[SourceQuality "1"]
[TimeControl "5400+30"]

1. e4 e5 2. Nf3 Nc6 3. Bc4 Bc5 4. d3 Nf6 5. O-O a6 6. c3 d6 7. Bb3 Ba7 8. Nbd2 h6 9. Qe2 Be6 10. Nc4 Bxc4 11. dxc4 O-O 12. Nh4 Ne7 13. Qf3 Kh7 14. Bc2 Qd7 15. h3 Nfg8 16. Kh2 g5 17. Nf5 c6 18. Bxg5 Nxf5 19. exf5 f6 20. Be3 Bxe3 21. fxe3 Qf7 22. Bb3 Ne7 23. Rad1 Rad8 24. Rf2 Rd7 25. Rfd2 Rfd8 26. e4 Qe8 27. Rd3 Nc8 28. R1d2 Nb6 29. Qd1 Qe7 30. a3 a5 31. Ba2 a4 32. b4 c5 33. Rg3 Rg8 34. Rxg8 Kxg8 35. Qh5 Qf8 36. Kh1 Kh7 37. Qg6+ Kh8 38. Rd3 Rh7 39. Rg3 Qf7 40. b5 Nc8 41. Bb1 Ne7 42. Qxf7 Rxf7 43. Bc2 Rg7 44. Rd3 Nc8 45. Bxa4 b6 46. Bd1 Kg8 47. a4 Kf8 48. Kh2 Rd7 49. Rd2 Ra7 50. Kg3 Rg7+ 51. Kh4 Rg5 52. g4 Ke7 53. Ra2 d5 54. cxd5 Nd6 55. a5 Nxb5 56. axb6 Kd7 1-0

[Event "Silves Open 2025"]
[Site "Fissul"]
[Date "2025.03.04"]
[Round "5.18"]
[White "Silva, Ana Ines Teixeira Da"]
[Black "Kuegel, Tobias"]
[Result "0-1"]
[Annotator "ChessBase"]
[ECO "B13"]
[WhiteElo "1901"]
[BlackElo "2423"]
[PlyCount "94"]
[EventDate "2025.03.03"]
[EventType "swiss"]
[EventCountry "POR"]
[SourceTitle "playchess.com"]
[Source "ChessBase"]
[SourceQuality "1"]
[TimeControl "5400+30"]

1. e4 c6 2. d4 d5 3. exd5 cxd5 4. Bd3 Nc6 5. c3 Nf6 6. h3 e5 7. dxe5 Nxe5 8. Nf3 Nxd3+ 9. Qxd3 Bd6 10. O-O O-O 11. Be3 Re8 12. Nbd2 h6 13. Rfe1 Ne4 14. Nd4 a6 15. Rad1 Bd7 16. N2b3 Qc7 17. Ne2 Rad8 18. Nbd4 Ba4 19. Rc1 Bd7 20. Red1 b5 21. a3 Bh2+ 22. Kh1 Be5 23. Nf3 Bf5 24. Kg1 Bh7 25. Nxe5 Nxf2 26. Qd4 Nxd1 27. Rxd1 Qxe5 28. Qxe5 Rxe5 29. Bb6 Rde8 30. Nf4 Re1+ 31. Rxe1 Rxe1+ 32. Kf2 Rb1 33. Nxd5 Rxb2+ 34. Kf3 Rd2 35. Nb4 Rd6 36. Bc5 Re6 37. Kf2 Be4 38. Na2 Bxg2 39. Kxg2 Re2+ 40. Kf3 Rxa2 41. Ke4 Rh2 42. Kd5 Rxh3 43. Bb4 g5 44. Kc6 g4 45. Kb6 g3 46. Kxa6 g2 47. Bc5 Rxc3 0-1

[Event "Silves Open 2025"]
[Site "Fissul"]
[Date "2025.03.04"]
[Round "5.19"]
[White "Nguyen, Anh Khoi"]
[Black "Ryabukhina, Veronika"]
[Result "1-0"]
[Annotator "TA"]
[ECO "E01"]
[WhiteElo "2520"]
[BlackElo "1880"]
[PlyCount "43"]
[EventDate "2025.03.03"]
[EventType "swiss"]
[EventCountry "POR"]
[SourceTitle "playchess.com"]
[Source "ChessBase"]
[SourceQuality "1"]
[TimeControl "5400+30"]

1. c4 e6 2. g3 d5 3. Bg2 Nf6 4. Nf3 c6 5. d4 Bd6 6. O-O O-O 7. Qc2 b6 8. Nbd2 Bb7 9. e4 dxe4 10. Nxe4 Nxe4 11. Qxe4 Nd7 12. Rd1 $1 {[%emt 0:00:30][%cal Bf1d1,Bd1e1,Be1e5][%mdl 32] 12.Rd1 is better than 12.Ne5.} Qc7 {[%emt 0:00:30] E01: Catalan: Early deviations.} 13. Qc2 Rfe8 14. Ng5 f5 $146 (14... Nf6 $14) (14... Nf6 15. c5 Bf8 16. Bf4 Qd7 17. Be5 h6 18. Bxf6 hxg5 19. Bxg5 Be7 20. Bxe7 Qxe7 21. cxb6 axb6 {½-½ Kormann,W (2167)-Steininger,F (2060) Steyr Landesliga 1920 2019 (8.5)}) 15. Re1 $16 Nf8 16. c5 {[%emt 0:00:30] White has more active pieces.} bxc5 17. dxc5 Be5 18. Qc4 ({White should try} 18. Bf1) 18... Kh8 $2 {[%emt 0:00:30][%mdl 8192] [#] This costs Black the game.} (18... a5 $16) 19. Rxe5 $1 $18 {[%emt 0:00:30] White is clearly winning.} h6 20. Nf3 (20. Nxe6 Qxe5 21. Nd4 Ne6 22. Nxe6 Qxe6 23. Qxe6 Rxe6 $15) 20... Ng6 21. Rxe6 Rxe6 22. Qxe6 {[%emt 0:00:30] Weighted Error Value: White=0.09 (flawless) /Black=0.95  Loses game:     	---       	Black=1      Mistake:       	White=1     	Black=1      OK:         	White=2     	Black=4      Best:        	White=2     	---        Brilliant:      	White=1     	---} 1-0